 Dungeon Crawl Stone Soup version 0.18.1-48-g4cf74bf (webtiles) character file.

95 stigmas the Charmwright (level 4, -1/34 HPs)
             Began as a Demonspawn Skald on June 26, 2016.
             Slain by a scorpion (3 damage)
             ... on level 3 of the Dungeon.
             The game lasted 00:04:10 (2201 turns).

stigmas the Charmwright (Demonspawn Skald)          Turns: 2201, Time: 00:04:11

Health: -1/34      AC:  9    Str: 13    XL:     4   Next: 39%
Magic:  7/7        EV: 11    Int: 14    God:
Gold:   138        SH:  0    Dex: 11    Spells: 1 memorised, 6 levels left

rFire  . . .     SeeInvis .     a - +0 hand axe
rCold  . . .     Gourm    .     b - +0 leather armour
rNeg   . . .     Faith    .     (no shield)
rPois  .         Spirit   .     i - +0 helmet
rElec  .         Dismiss  .     (no cloak)
rCorr  .         Reflect  .     m - +0 pair of gloves
SustAt .         Harm     .     (no boots)
MR     .....                    (no amulet)
Stlth  +.........               (no ring)
                                (no ring)

@: lethally poisoned (-1 -> -28), not resistant to hostile enchantments, very
unstealthy
A: rough black scales 1, powered by death 1
a: no special abilities


You were on level 3 of the Dungeon.
You were hungry.

You visited 1 branch of the dungeon, and saw 3 of its levels.

You collected 138 gold pieces.

Inventory:

Hand Weapons
 a - a +0 hand axe (weapon)
Armour
 b - a +0 leather armour (worn)
 i - a +0 helmet (worn)
 m - a +0 pair of gloves (worn)
Jewellery
 p - an uncursed ring of poison resistance {unknown}
 s - an uncursed ring of wizardry {unknown}
Scrolls
 e - 2 scrolls of teleportation
 k - a scroll of random uselessness {unknown}
 t - a scroll of blinking {unknown}
 w - a scroll of remove curse {unknown}
Potions
 h - a potion of haste
 j - 2 potions of flight {unknown}
 l - a potion of brilliance {unknown}
 q - a potion of cancellation {unknown}
 r - a potion of mutation {unknown}
 u - a potion of lignification {unknown}
 x - a potion of agility {unknown}
Books
 c - a book of Battle

   Spells                             Type                      Level
   a - Infusion                       Charms                       1
   b - Shroud of Golubria             Charms/Translocation         2
   c - Song of Slaying                Charms                       2
   d - Spectral Weapon                Hexes/Charms                 3
   e - Regeneration                   Charms/Necromancy            3
Comestibles
 d - 3 bread rations
 f - 3 slices of pizza
 n - 3 fruits
 o - 2 meat rations
 v - 5 chunks of flesh


   Skills:
 * Level 2.5 Fighting
 * Level 2.3 Axes
 + Level 1.1 Armour
 + Level 1.6 Dodging
 * Level 2.2 Spellcasting
 * Level 3.6 Charms


You had 6 spell levels left.
You knew the following spells:

 Your Spells              Type           Power        Failure   Level  Hunger
a - Infusion              Chrm           ##..         10%         1    #......


Dungeon Overview and Level Annotations

Branches:
Dungeon (3/15)

Altars:
Nemelex Xobeh


Innate Abilities, Weirdness & Mutations

You are partially covered in rough black scales (AC +4, Dex -1).
You regenerate a little health from kills.


Message History

You are lethally poisoned!
The scorpion poisons you!
You closely miss the scorpion.
The scorpion is almost dead.
You feel sick. The scorpion stings you!
* * * LOW HITPOINT WARNING * * *
You are more poisoned.
The scorpion poisons you!
You closely miss the scorpion.
The scorpion is almost dead.
* * * LOW HITPOINT WARNING * * *
You feel very sick.
The scorpion stings you but does no damage.
You barely miss the scorpion.
The scorpion is almost dead.
* * * LOW HITPOINT WARNING * * *
You feel very sick.
The scorpion stings you but does no damage.
The scorpion stings you.
You die...

....# ....#
#.######### ###
........#.. ..#
..#####.#.# #.#
........#.# #.#
.....#..#.###.####
...#........†....#
...###....##..##@#
..........##..##s#
...>..........##.#
#.######.###.###.#
#.# #.# #.# #.#
#.# #.# #.# #.#
#+# #.# #.# #.#
#.. ..# ###


You could see a scorpion.

Vanquished Creatures
  A gnoll (D:1)
  2 adders
  2 oozes
  2 dart slugs (D:1)
  2 giant geckos (D:1)
  2 orcs
  A giant cockroach (D:1)
  7 goblins
  6 hobgoblins
  4 jackals (D:3)
  A quokka (D:3)
  A ball python (D:3)
  3 bats
  2 giant newts (D:1)
  3 kobolds
  13 rats
52 creatures vanquished.

Notes
Turn   | Place    | Note
--------------------------------------------------------------
     0 | D:1      | stigmas the Demonspawn Skald began the quest for the Orb.
     0 | D:1      | Reached XP level 1. HP: 16/16 MP: 3/3
   133 | D:1      | Reached skill level 3 in Charms
   225 | D:1      | Reached skill level 1 in Dodging
   234 | D:1      | Gained mutation: You are partially covered in rough black scales (AC +4, Dex -1). [demonic ancestry]
   234 | D:1      | Reached XP level 2. HP: 8/22 MP: 5/5
   516 | D:1      | Reached skill level 1 in Armour
   728 | D:1      | Gained mutation: You regenerate a little health from kills. [demonic ancestry]
   728 | D:1      | Reached XP level 3. HP: 25/27 MP: 6/6
  1488 | D:2      | Reached XP level 4. HP: 33/34 MP: 7/7
  1491 | D:2      | Found a sparkling altar of Nemelex Xobeh.
  2140 | D:3      | Found a faded altar to an unknown god.
  2201 | D:3      | Slain by a scorpion

Skill      XL: |  1  2 |
---------------+-------+-----
Charms         | 3 |  3.6
Dodging        | 1 |  1.6
Axes           | 2 |  2.3
Armour         | 1 |  1.1
Fighting       | |  2.5
Spellcasting   | |  2.2

Action                   |  1- 3 |  4- 6 || total
-------------------------+-------+-------++-------
Melee: Hand axe          |   145 |    80 ||   225
 Cast: Infusion          |     1 |     2 ||     3
  Use: Scroll            |       |     3 ||     3
       Potion            |       |     1 ||     1
  Eat: Chunk             |     2 |     2 ||     4
Armor: Leather armour    |    64 |    39 ||   103
Dodge: Dodged            |    78 |    45 ||   123
